AoeStats
← Amor fati

Arena

509281424Analyzed
4v4 RM · 6d ago on Sep 26, 2026· 18m 51s· 8 players
Game mode
Random Map
Map size
Large (8 player)
Population
200
Speed
Normal
Resources
Standard
Victory
Conquest
Starting age
Dark Age
Ending age
Imperial Age
RankedLock teamsTeams togetherTeam positionsShared explorationLock speedFull tech treeHidden civsTurbo modeCheats
Victory
Defeat
🇮🇳 Koreans · India
1486
+12
🇮🇳 Saxons · India
1485
+12
🇺🇸 Danes · United States
1435
+14
🇮🇳 Saracens · India
1321
+17
🇲🇽 Byzantines · Mexico
1413
-15
🇨🇳 Goths · China
1390
-14
🇲🇽 Portuguese · Mexico
1381
-14
🇳🇮 Muisca · Nicaragua
1344
-12
EXILE | ROBoTeCh
11:14 Feudal Age
15:39 Castle Age
15:19 Double-Bit Axe
15:17 Horse Collar
16:43 Bow Saw
17:48 Wheelbarrow
EXILE | milval
10:40 Feudal Age
14:31 Castle Age
12:40 Double-Bit Axe
13:05 Horse Collar
15:36 Bow Saw
15:51 Heavy Plow
Amor fati
10:21 Feudal Age
13:52 Castle Age
11:53 Double-Bit Axe
12:11 Horse Collar
[Mich_] Ivan_master
8:44 Loom
10:51 Feudal Age
15:14 Castle Age
14:14 Double-Bit Axe
14:13 Horse Collar
16:13 Town Watch
17:23 Fletching
ddk220
7:56 Loom
10:30 Feudal Age
12:00 Loom
14:33 Castle Age
15:00 Man-at-Arms
15:44 Double-Bit Axe
16:03 Long Swordsman
18:22 Scale Mail Armor
__wArDadDy
10:33 Feudal Age
14:32 Castle Age
13:22 Double-Bit Axe
13:18 Horse Collar
15:38 Bow Saw
Yodha
9:01 Loom
10:48 Feudal Age
14:47 Castle Age
13:09 Double-Bit Axe
13:10 Horse Collar
17:01 Bow Saw
MR.Jithu
10:16 Feudal Age
15:01 Castle Age
14:15 Double-Bit Axe
14:16 Horse Collar
16:08 Bow Saw
16:59 Loom
Connection lost

Rejoining the realm…

Still unreachable

The connection could not be restored.

Session expired

The server has moved on; the page needs a fresh start.